 Dungeon Crawl Stone Soup version 0.29-a0-998-g1987434951 (webtiles) character file.

Game seed: 2770713722702742267

6287 Monkooky the Basher (level 11, -3/94 HPs)
             Began as a Meteoran Artificer on Aug 6, 2022.
             Was an Initiate of Yredelemnul.
             Slain by a six-headed hydra (7 damage)
             ... on level 10 of the Dungeon.
             The game lasted 00:34:46 (4910 turns).

Monkooky the Basher (Meteoran Artificer)            Turns: 4910, Time: 00:34:46

Health: -3/94      AC: 15    Str: 21    XL:     11   Next: 38%
Magic:  18/18      EV: 12    Int: 15    God:    Yredelemnul [......]
Gold:   361        SH:  0    Dex: 20    Spells: 10/10 levels left

rFire   + . .      SeeInvis .   U - +9 mace of Doom {drain, Str+4}
rCold   + . .      Faith    .   (no shield)
rNeg    . . .      Spirit   .   u - +0 scale mail
rPois   +          Reflect  .   X - +1 helmet {rF+}
rElec   .          Harm     .   M - +2 cloak {rPois}
rCorr   .          Rampage  .   Y - +0 pair of gloves
Will    +....                   H - +0 pair of boots
Stlth   +.........              (no amulet)
HPRegen 0.25/turn               D - +6 ring of dexterity
MPRegen 0.16/turn               W - ring of protection from cold

@: glowing
A: sense surroundings 2, otherworldly, glowing, explore regen
a: Renounce Religion, Recall Undead Harvest


You were on level 10 of the Dungeon.
You worshipped Yredelemnul.
Yredelemnul was aware of your devotion.
You visited 1 branch of the dungeon, and saw 10 of its levels.

You collected 592 gold pieces.
You spent 231 gold pieces at shops.

Inventory:

Hand Weapons
 E - a +4 flail
 U - the +9 mace of Doom (weapon) {drain, Str+4}
   (You found it on level 6 of the Dungeon)

   A truly terrible weapon, it drains the life of any living foe it strikes.
   Str:       It affects your strength (+4).
Missiles
 O - 31 poisoned darts
 V - 3 curare-tipped darts
 Z - 5 boomerangs
Armour
 u - a +0 scale mail (worn)
 F - a +0 scale mail of fire resistance
 H - a +0 pair of boots (worn)
 M - a +2 cloak of poison resistance (worn)
 T - a +0 plate armour
 X - a +1 helmet of fire resistance (worn)
 Y - a +0 pair of gloves (worn)
Jewellery
 l - a ring of ice
 D - a +6 ring of dexterity (left hand)
 G - a ring of flight
 L - a ring of wizardry
 W - a ring of protection from cold (right hand)
Wands
 b - a wand of polymorph (5)
 c - a wand of flame (30) (quivered)
 d - a wand of charming (14)
 e - a wand of iceblast (4)
 B - a wand of acid (6)
Scrolls
 f - 6 scrolls of magic mapping
 i - 3 scrolls of poison
 k - a scroll of blinking
 y - 2 scrolls of immolation {unknown}
 A - 3 scrolls of teleportation
 I - a scroll of silence
 J - 3 scrolls of vulnerability {unknown}
 N - 2 scrolls of enchant weapon {unknown}
Potions
 a - a potion of haste {unknown}
 j - 3 potions of flight
 m - 2 potions of cancellation {unknown}
 n - a potion of mutation {unknown}
 o - 2 potions of curing {unknown}
 p - a potion of invisibility {unknown}
 s - a potion of magic
 w - 5 potions of lignification {unknown}
 x - 2 potions of degeneration {unknown}
 z - 2 potions of brilliance {unknown}
 K - a potion of attraction {unknown}
 P - 2 potions of heal wounds {unknown}
 Q - 3 potions of ambrosia {unknown}
 R - 2 potions of might {unknown}


   Skills:
 - Level 8.3 Fighting
 - Level 14.0 Maces & Flails
 * Level 6.5 Armour
 + Level 4.3 Dodging
 - Level 0.8 Stealth
 + Level 8.8 Invocations
 - Level 3.8 Evocations


You had 10 spell levels left.
You didn't know any spells.
Your spell library contained the following spells:

 Spells                   Type           Power      Damage    Failure   Level
 Shock                    Conj/Air       0%         1d3       54%         1
 Poisonous Vapours        Pois/Air       0%         N/A       69%         2
 Dazzling Flash           Conj/Hex       0%         N/A       89%         3
 Swiftness                Air            0%         N/A       89%         3
 Airstrike                Air            0%         2d(0-16)  100%        4
 Corpse Rot               Necr/Pois/Air  0%         N/A       100%        4
 Hailstorm                Conj/Ice       0%         3d3       100%        4
 Ice Form                 Ice/Tmut       0%         N/A       100%        4
 Iskenderun's Mystic Bla  Conj/Tloc      0%         2d3       100%        4
 Agony                    Necr           0%         N/A       100%        5
 Silence                  Hex/Air        0%         N/A       100%        5
 Dispersal                Tloc           0%         N/A       100%        6
 Starburst                Conj/Fire      0%         6d3       100%        6
 Haunt                    Necr/Summ      0%         N/A       100%        7
 Disjunction              Tloc           0%         N/A       100%        8
 Infestation              Necr           0%         N/A       100%        8
 Animate Dead             Necr           Unusable   N/A       N/A         4
 Simulacrum               Ice/Necr       Unusable   N/A       N/A         6

Dungeon Overview and Level Annotations

Branches:
Dungeon (10/15) Zot: 1070  Temple (0/1) D:4
   Lair: D:8-11         Orc: D:9-12

Altars:
Cheibriados
Fedhas
Ru
Trog
Vehumet
Yredelemnul

Shops:
D:7 *

Annotations:
D:8 2 transporters


Innate Abilities, Weirdness & Mutations

You passively map the area around you.
You are easily found by Zot.
You glow in the dark.
You regain HP and MP as you explore.


Message History

Press: ? - help, Shift-Dir - straight line, f - wolf
Aim: a wolf (chance to affect: 59%)
The wolf is charmed.
What are your orders? t - Shout!
Orders for allies: a - Attack new target. p - Attack previous target. r - Retreat! s - Stop attacking. g - Guard the area. f - Follow me.
Anything else - Cancel.
Gang up on whom?
Press: ? - help, Dir - move target, f - six-headed hydra, p - wolf
Aim: a six-headed hydra Attack!
Your wolf bites the six-headed hydra!
The six-headed hydra bites your wolf!
The six-headed hydra barely misses your wolf.
The six-headed hydra misses your wolf. The six-headed hydra bites your wolf!
Your wolf dies!
Okay, then.
Aiming: Iceblast
Press: ? - help, Shift-Dir - straight line, f/p - six-headed hydra
Aim: a six-headed hydra (lightly wounded)
The mass of ice explodes!
The iceblast engulfs the six-headed hydra!
The six-headed hydra is moderately wounded.
Aiming: Iceblast
Press: ? - help, Shift-Dir - straight line, p - six-headed hydra The mass of ice explodes!
The iceblast engulfs the six-headed hydra!!
The six-headed hydra is heavily wounded.
The six-headed hydra barely misses you.
The six-headed hydra bites you but does no damage.
The six-headed hydra bites you!
* * * LOW HITPOINT WARNING * * *
The six-headed hydra bites you.
* * * LOW HITPOINT WARNING * * *
The six-headed hydra bites you!
* * * LOW HITPOINT WARNING * * *
The six-headed hydra bites you!
You die...
Your body rises from the dead as a mindless zombie.

, * ####.##.....<...# *
, ##.........#....## , ,
*.....##......#.#### * ,
, ##...##...∩.....# #
,,, , ###.##.........# .
* ,, #.##.........# ..
*, , , #.##...........##
, ,** ###............###
* #.@D.............## *
** ,,*
#.###.######.###... , ,
...* #..###...###... *
*#### ##.#...##....#.
#.####### #...#.........
#.#..#..####....#.......
#.#..#..##.....)...#.#..
#....#...D.#............
#....#....##.#.....#.#..


You could see a six-headed hydra.

Vanquished Creatures
  An ugly thing (D:10)
  A manticore (D:10)
  2 hornets
  A wraith (D:10)
  5 yaks
  A vampire (D:10)
  An acid dragon (D:5)
  A sky beast (D:6)
  2 ice beasts
  2 black bears
  An ogre (D:6)
  3 centaurs
  2 phantoms (D:5)
  2 kobold brigands (D:7)
  2 bullfrogs (D:7)
  A necrophage (D:6)
  5 wights (D:10)
  8 killer bees
  An electric eel (D:10)
  3 howler monkeys
  2 hounds
  3 orc priests
  A gnoll bouda (D:8)
  Jessica (D:3)
  6 orc wizards
  2 centaur simulacra (D:10)
  A hound zombie (D:4)
  A hound skeleton (D:4)
  5 gnolls (D:8)
  6 adders
  3 shadow imps
  4 white imps
  2 ufetubi (D:10)
  2 worms
  2 dart slugs
  36 orcs
  2 bats
  2 endoplasms
  2 giant cockroaches
  4 goblins
  12 hobgoblins
  6 quokkas
  3 ball pythons
  18 kobolds
  5 rats
176 creatures vanquished.

Vanquished Creatures (collateral kills)
  Grinder (D:5)
  A yak (D:6)
  A centaur simulacrum (D:10)
  2 orc warriors
  2 kobold brigands
  A bullfrog (D:8)
  A killer bee (D:9)
  2 howler monkeys (D:9)
  An orc wizard (D:9)
  Terence (D:2)
  A scorpion zombie (D:4)
  2 hound zombies (D:4)
  An adder (D:3)
  A white imp (D:5)
  An adder zombie (D:4)
  A worm (D:3)
  8 orcs
  2 ball pythons (D:1)
  An endoplasm (D:1)
  4 jackals (D:5)
  A quokka (D:1)
  2 bats (D:1)
  2 frilled lizards
  7 kobolds
47 creatures vanquished.

Vanquished Creatures (others)
  A wizard (D:9)
  A human zombie (D:9)
  A wolf (D:10)
  2 spectral shadow imps
  A yak zombie (D:10)
  2 centaur zombies
  An ice beast zombie (D:10)
  A killer bee zombie (D:8)
  An adder zombie (D:5)
  A spectral white imp (D:10)
  A bat zombie (D:2)
  2 gnoll zombies (D:8)
  3 goblin zombies (D:3)
  2 hobgoblin zombies (D:3)
  A jackal zombie (D:5)
  4 kobold zombies
  16 orc zombies
  3 rat zombies (D:3)
44 creatures vanquished.

Grand Total: 267 creatures vanquished

Notes
Turn   | Place    | Note
-------+----------+-------------------------------------------
     0 | D:1      | Monkooky the Meteoran Artificer began the quest for the
                  | Orb.
     0 | D:1      | Reached XP level 1. HP: 16/16 MP: 2/2
    34 | D:1      | Reached XP level 2. HP: 4/23 MP: 3/3
   116 | D:1      | Found a faded altar of an unknown god.
   130 | D:1      | Prayed at the altar of an unknown god.
   130 | D:1      | Became a worshipper of Yredelemnul the Dark
   130 | D:1      | Reached * piety under Yredelemnul
   186 | D:1      | Reached XP level 3. HP: 25/29 MP: 4/4
   345 | D:1      | Reached ** piety under Yredelemnul
   495 | D:2      | Reached XP level 4. HP: 3/38 MP: 5/5
   571 | D:2      | Noticed Terence
   586 | D:2      | Killed Terence
   792 | D:2      | Reached skill level 1 in Maces & Flails
   792 | D:2      | Reached XP level 5. HP: 26/46 MP: 6/6
  1025 | D:3      | Reached skill level 2 in Maces & Flails
  1106 | D:3      | Noticed Jessica
  1110 | D:3      | Killed Jessica
  1111 | D:3      | Reached skill level 3 in Maces & Flails
  1184 | D:3      | Reached XP level 6. HP: 33/52 MP: 7/7
  1229 | D:3      | Reached skill level 4 in Maces & Flails
  1431 | D:4      | Found a staircase to the Ecumenical Temple.
  1548 | D:4      | Reached skill level 5 in Maces & Flails
  1786 | D:5      | Entered Level 5 of the Dungeon
  1796 | D:5      | Reached skill level 6 in Maces & Flails
  1838 | D:5      | Reached XP level 7. HP: 44/59 MP: 8/8
  2003 | D:5      | Reached skill level 7 in Maces & Flails
  2065 | D:5      | Noticed an acid dragon
  2067 | D:5      | Reached skill level 8 in Maces & Flails
  2067 | D:5      | Killed an acid dragon
  2068 | D:5      | Reached XP level 8. HP: 34/66 MP: 8/11
  2074 | D:5      | Reached *** piety under Yredelemnul
  2136 | D:5      | Noticed Grinder
  2147 | D:5      | Paralysed by Grinder for 3 turns
  2151 | D:5      | Killed Grinder
  2152 | D:5      | Reached skill level 5 in Invocations
  2265 | D:5      | Your ally Grinder died
  2475 | D:6      | Gained mutation: You passively map the area around you.
                  | [Meteoran growth]
  2475 | D:6      | Reached XP level 9. HP: 70/72 MP: 15/15
  2480 | D:6      | Reached skill level 9 in Maces & Flails
  2615 | D:6      | Found a blossoming altar of Fedhas.
  2687 | D:6      | Reached skill level 5 in Fighting
  2759 | D:6      | Reached skill level 10 in Maces & Flails
  2795 | D:6      | Identified the +9 mace of Doom {drain, Str+4}
  2811 | D:6      | Found a sacrificial altar of Ru.
  2855 | D:7      | Reached skill level 11 in Maces & Flails
  2937 | D:7      | Found Wamuwof's Fire Supplies.
  2954 | D:7      | Bought a +1 helmet of fire resistance for 231 gold pieces
  3475 | D:8      | Reached XP level 10. HP: 74/84 MP: 16/16
  3542 | D:8      | Reached skill level 12 in Maces & Flails
  3726 | D:8      | Found a transporter.
  3733 | D:8      | Found a transporter.
  3734 | D:8      | Found a transporter.
  3737 | D:8      | Found a transporter.
  3752 | D:8      | Found a radiant altar of Vehumet.
  4067 | D:9      | Found a snail-covered altar of Cheibriados.
  4122 | D:9      | Reached skill level 13 in Maces & Flails
  4143 | D:9      | Identified the +11 great sword "Kihies" {holy, Str+2}
  4276 | D:9      | Found a bloodstained altar of Trog.
  4277 | D:9      | Noticed a wizard
  4282 | D:9      | Killed a wizard
  4534 | D:10     | Entered Level 10 of the Dungeon
  4546 | D:10     | Reached skill level 14 in Maces & Flails
  4591 | D:10     | Noticed a cyan ugly thing
  4604 | D:10     | Killed a cyan ugly thing
  4605 | D:10     | Reached XP level 11. HP: 59/94 MP: 17/17
  4769 | D:10     | Reached skill level 5 in Armour
  4863 | D:10     | Noticed a manticore
  4877 | D:10     | Killed a manticore
  4887 | D:10     | Noticed a six-headed hydra
  4910 | D:10     | HP: 4/94 [six-headed hydra (7)]
  4910 | D:10     | Slain by a six-headed hydra

Illustrated notes

Levels and vault maps discovered:
D:1:      spicycebolla_arrival_risky_transporter, layout_basic,
          hellmonk_ecumenical_altar_crossroads
D:2:      layout_loops_ring, columned_hall_lemuel,
          chequers_serial_rivers_small_a, uniq_terence
D:3:      layout_basic, guppyfry_early_orc_mine, uniq_jessica
D:4:      layout_basic, minmay_temple_entry_ruins, serial_undead,
          serial_undead_e, serial_undead_a, serial_undead_f, serial_undead_e
D:5:      layout_loops_ring, uniq_grinder
D:6:      minmay_general_purpose_star, layout_loops_cross, tgw_fedhas,
          mainiacjoe_overflow_alcove_2
D:7:      layout_layer_cave, nicolae_shop_fire_sale [nicolae_sub_dead_trees]
D:8:      layout_basic, vehumet_altar_wand_db, serial_shops, kennysheep_mini,
          minmay_crystal_water, nicolae_transporter_circle
D:9:      layout_roguey, cheibrodos_worm_habitat, trog_wizard
D:10:     layout_rooms, david_lair_shrubbed, serial_ice, serial_ice_h,
          serial_ice_b, serial_ice_i, serial_ice_f, serial_ice_a, serial_ice_o,
          serial_ice_d, serial_ice_c, serial_ice_m, serial_ice_n,
          small_statue_alley_a

Skill      XL: |  1  2  3  4  5  6  7  8  9 10 11 |
---------------+----------------------------------+-----
Fighting       | 2 3 4 6 8 |  8.3
Maces & Flails | 1 3 6 8 11 14 | 14.0
Invocations    | 3 7 8 |  8.8
Armour         | 3 6 |  6.5
Dodging        | 2 4 |  4.3
Stealth        | |  0.8
Evocations     | |  3.8

Action                   |  1- 3 |  4- 6 |  7- 9 | 10-12 || total
-------------------------+-------+-------+-------+-------++-------
Melee: Club              |   105 |       |       |       ||   105
       Punch             |     2 |     1 |     1 |     3 ||     7
       Dagger            |       |    19 |       |       ||    19
       Flail             |       |   137 |   110 |       ||   247
       Hand axe          |       |     4 |       |       ||     4
       Mace              |       |       |    36 |   195 ||   231
Invok: Dark Bargain      |       |       |     3 |       ||     3
       Recall Undead Har |       |       |     1 |     2 ||     3
Evoke: Wand              |     6 |     1 |     4 |     7 ||    18
  Use: Scroll            |       |       |     9 |       ||     9
 Stab: Distracted        |       |       |     3 |     3 ||     6
Armor: Leather armour    |    27 |       |       |       ||    27
       Ring mail         |    35 |     9 |       |       ||    44
       Scale mail        |       |    75 |    90 |   144 ||   309
Dodge: Dodged            |    80 |    74 |    52 |   115 ||   321

Table legend: (Time is in decaauts)
 A = Elapsed time spent in this place.
 B = Non-inter-level travel time spent in this place.
 C = Inter-level travel time spent in this place.
 D = Time resting spent in this place.
 E = Time spent auto-exploring this place.
 F = Levels seen in this place.
 G = Mean time per level.
                   A        B        C        D        E       F      G
               +--------+--------+--------+--------+--------+-----+--------+
         Total |   4929 |   4885 |     44 |     12 |    148 |  10 |  492.9 |
       Dungeon |   4929 |   4885 |     44 |     12 |    148 |  10 |  492.9 |
               +--------+--------+--------+--------+--------+-----+--------+

Top non-repeatable levels by time:
     D:5: 592 daAuts
     D:9: 571 daAuts
     D:7: 560 daAuts
     D:8: 535 daAuts
     D:2: 489 daAuts
     D:1: 483 daAuts
     D:6: 468 daAuts
     D:3: 467 daAuts
     D:4: 410 daAuts
    D:10: 349 daAuts
